 Dungeon Crawl Stone Soup version 0.19-a0-1815-g4007336 (webtiles) character file.

198 kae the Ruffian (level 5, -4/44 HPs)
             Began as a Draconian Transmuter on Oct 5, 2016.
             Slain by an ogre
             ... wielding a +0 giant club
              (31 damage)
             ... on level 4 of the Dungeon.
             The game lasted 00:02:49 (3251 turns).

kae the Ruffian (Draconian Transmuter)              Turns: 3251, Time: 00:02:49

Health: -4/44      AC:  5    Str: 13    XL:     5   Next: 47%
Magic:  8/8        EV: 12    Int: 13    God:
Gold:   107        SH:  5    Dex: 12    Spells: 3 memorised, 2 levels left

rFire  . . .     SeeInvis .     m - +0 spear (venom)
rCold  . . .     Gourm    .     (armour unavailable)
rNeg   . . .     Faith    .     (no shield)
rPois  .         Spirit   .     (helmet restricted)
rElec  .         Dismiss  .     (no cloak)
rCorr  .         Reflect  +     (no gloves)
MR     +....     Harm     .     (no boots)
Stlth  +.........               w - +5 amulet of reflection
                                (no ring)
                                i - ring of wizardry

@: no status effects
A: unfitting armour, horns 1, magic resistance 1, mutation resistance 1, robust
1, cold-blooded, AC +5
a: no special abilities


You were on level 4 of the Dungeon.
You were not hungry.

You visited 1 branch of the dungeon, and saw 4 of its levels.

You collected 107 gold pieces.

Inventory:

Hand Weapons
 m - a +0 spear of venom (weapon)
Missiles
 a - 33 arrows
Jewellery
 e - an uncursed ring of ice {unknown}
 i - a ring of wizardry (left hand)
 n - an uncursed amulet of magic regeneration
 w - a +5 amulet of reflection (around neck)
Scrolls
 f - 3 scrolls of noise {unknown}
 g - 2 scrolls of identify {unknown}
 h - 2 scrolls of random uselessness {unknown}
 p - a scroll of enchant armour {unknown}
 q - a scroll of recharging {unknown}
 r - 3 scrolls of remove curse {unknown}
 t - a scroll of magic mapping {unknown}
Potions
 s - a potion of flight {unknown}
 u - a potion of lignification {unknown}
 v - a potion of heal wounds {unknown}
Books
 b - a book of Changes

   Spells                             Type                      Level
   a - Beastly Appendage              Transmutation                1
   b - Sticks to Snakes               Transmutation                2
   c - Spider Form                    Transmutation/Poison         3
   d - Ice Form                       Ice/Transmutation            4
   e - Blade Hands                    Transmutation                5
Comestibles
 c - a bread ration
 d - a meat ration
 j - 2 chunks of flesh
 k - 5 fruits
 l - a beef jerky


   Skills:
 - Level 1.1 Fighting
 - Level 1.7 Dodging
 * Level 5.3 Unarmed Combat
 - Level 2.0 Spellcasting
 + Level 3.8 Transmutations


You had 2 spell levels left.
You knew the following spells:

 Your Spells              Type           Power        Failure   Level  Hunger
a - Beastly Appendage     Tmut           ##....       3%          1    ##.....
b - Sticks to Snakes      Tmut           ##......     4%          2    ###....
c - Spider Form           Tmut/Pois      #.........   16%         3    ####...


Dungeon Overview and Level Annotations

Branches:
Dungeon (4/15)
 Temple: D:4-7

Altars:
Elyvilon
Sif Muna


Innate Abilities, Weirdness & Mutations

Your plain brown scales are hard. (AC +5)
You cannot fit into any form of body armour.
You are cold-blooded and may be slowed by cold attacks.
You have a pair of small horns on your head.
You are resistant to hostile enchantments. (MR+)
You are somewhat resistant to further mutation.
You are robust. (+10% HP)


Message History

Aim: an ogre, wielding a giant club You reach to attack!
You hit the ogre.
The ogre is poisoned.
The ogre is lightly wounded.
You hit the ogre.
The ogre looks as sick as possible!
You punch the ogre, but do no damage.
The ogre is lightly wounded.
The ogre hits you with a giant club!!
You are too injured to fight recklessly!
You closely miss the ogre.
The ogre is moderately wounded.
The ogre barely misses you.
Attack whom?
Press: ? - help, Dir - move target cursor, f/p - ogre
Aim: an ogre, wielding a giant club (heavily wounded, poisoned)
You reach to attack!
You hit the ogre but do no damage.
The ogre looks as sick as possible!
The ogre is heavily wounded.
The ogre hits you with a giant club!!
Ouch! That really hurt!
You die...

####### ###### #......
#....# #########
#%..... #....#
#........ #......
#....# #........
#......####....#
#......(.
#........#######...##..
#....O@........#....###
#..............##'#.#
#...................#
##..................#
#.......###'##.....#
+)......#....#.....###
#.......#....#######..
#.......#....'........
#.......#....#........


You could see an ogre.

Vanquished Creatures
  Jessica (D:3)
  An iguana (D:4)
  A worker ant (D:4)
  4 adders
  A worm (D:2)
  An adder skeleton (D:3)
  2 dart slugs
  11 orcs
  3 giant cockroaches
  6 goblins
  5 hobgoblins
  7 jackals (D:1)
  3 quokkas
  A ball python (D:3)
  5 bats
  6 frilled lizards
  A jackal skeleton (D:4)
  3 kobolds
  4 rats
66 creatures vanquished.

Notes
Turn   | Place    | Note
-------+----------+-------------------------------------------
     0 | D:1      | kae the Draconian Transmuter began the quest for the Orb.
     0 | D:1      | Reached XP level 1. HP: 16/16 MP: 3/3
   473 | D:1      | Reached XP level 2. HP: 23/23 MP: 5/5
  1116 | D:1      | Reached XP level 3. HP: 26/28 MP: 4/6
  1128 | D:1      | Reached skill level 4 in Unarmed Combat
  1132 | D:1      | Learned a level 2 spell: Sticks to Snakes
  1136 | D:1      | Learned a level 3 spell: Spider Form
  1811 | D:3      | Reached XP level 4. HP: 31/35 MP: 7/7
  2597 | D:3      | Noticed Jessica
  2606 | D:3      | Killed Jessica
  2613 | D:3      | Found a deep blue altar of Sif Muna.
  2723 | D:4      | Reached skill level 5 in Unarmed Combat
  2728 | D:4      | Reached XP level 5. HP: 38/40 MP: 8/8
  2744 | D:4      | Gained mutation: You are resistant to hostile enchantments. (MR+) [potion of mutation]
  2744 | D:4      | Gained mutation: You are robust. (+10% HP) [potion of mutation]
  2744 | D:4      | Gained mutation: You have a pair of small horns on your head. [potion of mutation]
  2745 | D:4      | Gained mutation: You are somewhat resistant to further mutation. [potion of beneficial mutation]
  2900 | D:4      | Found a white marble altar of Elyvilon.
  3240 | D:4      | Noticed an ogre
  3251 | D:4      | Slain by an ogre

Vault maps used:
D:1:      elethiomel_arrival_shortcut
D:3:      tgw_sif
D:4:      evilmike_ruin_ashenzari, first_bread, elyvilon_altar_1

Skill      XL: |  1  2  3  4 |
---------------+-------------+-----
Unarmed Combat | 4 5 |  5.3
Transmutations | 3 |  3.8
Fighting       | |  1.1
Dodging        | |  1.7
Spellcasting   | |  2.0

Action                   |  1- 3 |  4- 6 || total
-------------------------+-------+-------++-------
Melee: Unarmed           |    90 |       ||    90
       Tailslap          |    10 |    11 ||    21
       Headbutt          |     3 |     3 ||     6
       Punch             |     2 |     1 ||     3
       Kick              |     5 |       ||     5
       Spear             |    36 |   106 ||   142
 Cast: Beastly Appendage |     7 |       ||     7
  Use: Potion            |       |     4 ||     4
 Stab: Sleeping          |     2 |       ||     2
  Eat: Chunk             |     2 |     5 ||     7
       Fruit             |       |     1 ||     1
Armor: Skin              |    36 |    26 ||    62
Dodge: Dodged            |    77 |    50 ||   127
Block: Other             |       |     5 ||     5
